 Dungeon Crawl Stone Soup version 0.31.0-11-ge490571c62 (webtiles) character file.

Game seed: 16726130590358922354

21 qw the Shooter (level 2, 0/16 HPs)
             Began as a Deep Elf Hunter on Feb 4, 2024.
             Succumbed to their own poison gas
             ... on level 1 of the Dungeon.
             The game lasted 00:00:01 (575 turns).

qw the Shooter (Deep Elf Hunter)                     Turns: 575, Time: 00:00:02

Health: 0/16       AC:  3    Str:  8    XL:     2   Next: 62%
Magic:  4/4        EV: 12    Int: 13    God:
Gold:   40         SH:  0    Dex: 18    Spells: 1/1 levels left

rFire   . . .        a - +0 shortbow
rCold   . . .        (shield currently unavailable)
rNeg    . . .        c - +0 leather armour
rPois   .            (no helmet)
rElec   .            (no cloak)
rCorr   .            (no gloves)
SInv    .            (no boots)
Will    .....        (no amulet)
Stlth   ++           (no ring)
HPRegen 0.22/turn    (no ring)
MPRegen 0.09/turn

%: no passive effects
@: lethally poisoned (0 -> -8)
A: no striking features
a: no special abilities


You were on level 1 of the Dungeon.
You visited 1 branch of the dungeon, and saw 1 of its levels.

You collected 40 gold pieces.


   Skills:
 - Level 1.5 Fighting
 + Level 6.4 Ranged Weapons
 - Level 2.4 Dodging
 - Level 1.2 Stealth


You had one spell level left.
You didn't know any spells.
Your spell library was empty.

Inventory:

Hand Weapons
 a - a +0 shortbow (weapon)
Armour
 c - a +0 leather armour (worn)

Dungeon Overview and Level Annotations

Branches:
Dungeon (1/15)

Altars:


Message History

It is a scroll of identify.
568 ||| IDENTIFYING 2 fizzy cyan potions
d - 2 potions of lignification Done exploring.
569 ||| READING scroll labelled FORASA DARPHEO.
The air fills with toxic fumes!
As you read the scroll labelled FORASA DARPHEO, it crumbles to dust.
It was a scroll of poison.
Done exploring.
570 ||| READING scroll labelled SUJIRILAIL.
As you read the scroll labelled SUJIRILAIL, it crumbles to dust.
The air around you briefly surges with heat, but it dissipates.
It was a scroll of immolation.
Done exploring.
571 ||| DROPPING scroll of butterflies.
You drop a scroll of butterflies.
Done exploring.
572 ||| DROPPING 2 potions of lignification.
You drop 2 potions of lignification.
Done exploring.
What level of the Dungeon? (default 1, ? - help) Sorry, I don't know how to get there.
Enter note:
Enter note:
Enter note:
Enter note:
Enter note:
Enter note:
Enter note:
Enter note:
Enter note: You are engulfed in poison gas.
You are poisoned.
Ouch! That really hurt!
You feel very sick.
574 ||| Stepping ~*~*~tactically~*~*~ (cloud).
You feel very sick.
Things that are here:
2 potions of lignification; a scroll of butterflies
There is a lethal amount of poison in your body!
You die...

##.........>..# ###.#
..............# ##...#
####'########## ##¤¤0.# ...#.#
#####¤0¤### ##.#.# #¤.0¤¤¤##
.#.#.# ##¤#¤¤¤¤# .#.#.##
#.¤¤¤¤¤## .#.#..#########¤¤¤¤#
###### .#.#.....¤¤¤¤¤¤¤@#.#
#....# .#.#...######¤¤¤¤#.#
#.##.# .#.....#....#¤¤#¤#.#
#.##.#
.#.##.....#¤¤¤##0#.###.##.#
.#.##...###¤0¤..0#.....##.#
.#.##....¤¤0¤########...#.#
.#.#####.¤0¤........#...#.#######
.#.################.#...#........
##.#................#...#########


There were no monsters in sight!

Vanquished Creatures
  A ball python (D:1)
  An endoplasm (D:1)
  2 giant cockroaches (D:1)
  2 hobgoblins (D:1)
  2 jackals (D:1)
  2 quokkas (D:1)
  3 bats (D:1)
  3 frilled lizards (D:1)
  2 goblins (D:1)
  A rat (D:1)
19 creatures vanquished.

Notes
Turn   | Place    | Note
-------+----------+-------------------------------------------
     0 | D:1      | qw the Deep Elf Hunter began the quest for the Orb.
     0 | D:1      | Reached XP level 1. HP: 12/12 MP: 3/3
     0 | D:1      | 0 ||| qw: Version: 0.3-a-160-g6735b56
     0 | D:1      | 0 ||| qw: Game counter: 5293
     0 | D:1      | 0 ||| qw: Melee chars always use a shield: true
     0 | D:1      | 0 ||| qw: God list: Okawaru
     0 | D:1      | 0 ||| qw: Allow faded altars: false
     0 | D:1      | 0 ||| qw: Do Orc after clearing Dungeon:15 true
     0 | D:1      | 0 ||| qw: Do second Lair branch before Depths: true
     0 | D:1      | 0 ||| qw: Lair rune preference: random
     0 | D:1      | 0 ||| qw: Goals: Normal
     0 | D:1      | 0 ||| PLANNING D:1-11
   144 | D:1      | Reached XP level 2. HP: 16/16 MP: 4/4
   151 | D:1      | Reached skill level 6 in Ranged Weapons
   564 | D:1      | 564 ||| READING scroll labelled NIRIAKLEDIE.
   568 | D:1      | 568 ||| READING scroll labelled VECUUB SUBURR.
   568 | D:1      | 568 ||| IDENTIFYING 2 fizzy cyan potions
   569 | D:1      | 569 ||| READING scroll labelled FORASA DARPHEO.
   570 | D:1      | 570 ||| READING scroll labelled SUJIRILAIL.
   571 | D:1      | 571 ||| DROPPING scroll of butterflies.
   572 | D:1      | 572 ||| DROPPING 2 potions of lignification.
   573 | D:1      | HP: 4/16 [poisoned by you (poison gas)]
   574 | D:1      | 574 ||| Stepping ~*~*~tactically~*~*~ (cloud).
   575 | D:1      | Succumbed to their own poison gas

Levels and vault maps discovered:
D:1:      matt_arrival_refuge, layout_basic, amcnicky_mini_pool_small

Skill      XL: |  1  2 |
---------------+-------+-----
Ranged Weapons | 6 |  6.4
Fighting       | |  1.5
Dodging        | |  2.4
Stealth        | |  1.2

Action                     || total
---------------------------++-------
   Fire: Shortbow          ||    42
    Use: Scroll            ||     4
 Armour: Leather armour    ||     2
  Dodge: Dodged            ||     2

Table legend:
 A = Non-vault XP
 B = Vault XP
 C = Vault XP percentage of total XP
 D = Non-vault monster count
 E = Vault monster count
 F = Vault count percentage of total count
                 A         B        C        D         E       F
            +---------+---------+-------+---------+---------+-------
      Total |      30 |       0 |   0.0 |      19 |       0 |   0.0
            +---------+---------+-------+---------+---------+-------
        D:1 |      30 |       0 |   0.0 |      19 |       0 |   0.0
            +---------+---------+-------+---------+---------+-------
